 Dungeon Crawl Stone Soup version 0.31.0-11-ge490571c62 (webtiles) character file.

Game seed: 1751969738874676161

27 qw the Shooter (level 2, -2/16 HPs)
             Began as a Deep Elf Hunter on Feb 3, 2024.
             Succumbed to their own poison gas
             ... on level 1 of the Dungeon.
             The game lasted 00:00:02 (735 turns).

qw the Shooter (Deep Elf Hunter)                     Turns: 735, Time: 00:00:02

Health: -2/16      AC:  6    Str:  5 (8)  XL:     2   Next: 93%
Magic:  4/4        EV:  6    Int: 12 (13) God:
Gold:   70         SH:  0    Dex: 17 (18) Spells: 1/1 levels left

rFire   . . .        a - +0 shortbow
rCold   . . .        (shield currently unavailable)
rNeg    . . .        e - +0 scale mail
rPois   .            (no helmet)
rElec   .            (no cloak)
rCorr   .            (no gloves)
SInv    .            (no boots)
Will    +....        (no amulet)
Stlth   +            h - ring of willpower
HPRegen 0.22/turn    (no ring)
MPRegen 0.09/turn

%: no passive effects
@: lethally poisoned (-2 -> -19)
A: no striking features
a: no special abilities


You were on level 1 of the Dungeon.
You visited 1 branch of the dungeon, and saw 1 of its levels.

You collected 70 gold pieces.


   Skills:
 - Level 1.5 Fighting
 + Level 6.6 Ranged Weapons
 - Level 2.4 Dodging
 - Level 1.2 Stealth


You had one spell level left.
You didn't know any spells.
Your spell library was empty.

Inventory:

Hand Weapons
 a - a +0 shortbow (weapon)
Armour
 e - a +0 scale mail (worn)
Jewellery
 h - a ring of willpower (left hand)
Potions
 i - a potion of haste

Dungeon Overview and Level Annotations

Branches:
Dungeon (1/15)

Altars:

Shops:
D:1 =


Message History

As you read the scroll labelled QESOANL ZIPN, it crumbles to dust.
You assume a fearsome visage.
Nothing appears to happen.
It was a scroll of fear.
Done exploring.
729 ||| READING scroll labelled TOPAT XIASE.
The air fills with toxic fumes!
As you read the scroll labelled TOPAT XIASE, it crumbles to dust.
It was a scroll of poison.
Done exploring.
730 ||| DRINKING 2 metallic red potions.
It was a potion of degeneration.
There was something very wrong with that liquid.
You feel weakened.
You feel dopey.
You feel clumsy.
Done exploring.
731 ||| DROPPING scroll of butterflies.
You drop a scroll of butterflies.
Done exploring.
732 ||| DROPPING 2 potions of ambrosia.
You drop 2 potions of ambrosia.
Done exploring.
733 ||| DROPPING potion of degeneration.
You drop a potion of degeneration.
Done exploring.
What level of the Dungeon? (default 1, ? - help) Sorry, I don't know how to get there.
Enter note:
Enter note:
Enter note:
Enter note:
Enter note:
Enter note:
Enter note:
Enter note:
Enter note:
Enter note:
Enter note:
Enter note: You are engulfed in poison gas.
You are lethally poisoned!
Ouch! That really hurt!
You feel very sick.
735 ||| Stepping ~*~*~tactically~*~*~ (cloud).
You die...

#.#.....# ######.:#
#.#.###.# #...##..#
##.#.# #.# #...##..#
#....# #.# #....#..#
##.### #.# #....#..# #.#
#.#######....#..# #.#
#...............#
##¤#########¤00....#####
#¤¤¤¤¤¤@¤¤¤¤¤¤¤...).....
############¤¤0...######
#......# #......######
###..........
##......... #.:.......
#......... #.........


There were no monsters in sight!

Vanquished Creatures
  A dart slug (D:1)
  5 ball pythons (D:1)
  A bat (D:1)
  2 endoplasms (D:1)
  2 giant cockroaches (D:1)
  A goblin (D:1)
  A hobgoblin (D:1)
  3 jackals (D:1)
  A quokka (D:1)
  5 rats (D:1)
22 creatures vanquished.

Notes
Turn   | Place    | Note
-------+----------+-------------------------------------------
     0 | D:1      | qw the Deep Elf Hunter began the quest for the Orb.
     0 | D:1      | Reached XP level 1. HP: 12/12 MP: 3/3
     0 | D:1      | 0 ||| qw: Version: 0.3-a-157-g843a77d
     0 | D:1      | 0 ||| qw: Game counter: 3605
     0 | D:1      | 0 ||| qw: Melee chars always use a shield: true
     0 | D:1      | 0 ||| qw: God list: Okawaru
     0 | D:1      | 0 ||| qw: Allow faded altars: false
     0 | D:1      | 0 ||| qw: Do Orc after clearing Dungeon:15 true
     0 | D:1      | 0 ||| qw: Do second Lair branch before Depths: true
     0 | D:1      | 0 ||| qw: Lair rune preference: random
     0 | D:1      | 0 ||| qw: Goals: Normal
     0 | D:1      | 0 ||| PLANNING D:1-11
    58 | D:1      | Found Peeduim's Jewellery Emporium.
    73 | D:1      | 73 ||| SHOPLISTING +4 ring of protection (432 gold, have
                  | 0).
    73 | D:1      | 73 ||| SHOPLISTING +5 ring of evasion (432 gold, have 0).
    73 | D:1      | 73 ||| SHOPLISTING +6 ring of strength (432 gold, have 0).
    73 | D:1      | 73 ||| SHOPLISTING amulet of reflection (360 gold, have 0).
    73 | D:1      | 73 ||| SHOPLISTING ring of Butchery {Will+ SInv} (331 gold,
                  | have 0).
    73 | D:1      | 73 ||| SHOPLISTING ring of fire (300 gold, have 0).
    73 | D:1      | 73 ||| SHOPLISTING ring of see invisible (180 gold, have
                  | 0).
    87 | D:1      | Found a faded altar of an unknown god.
   142 | D:1      | Reached XP level 2. HP: 16/16 MP: 4/4
   143 | D:1      | Reached skill level 6 in Ranged Weapons
   320 | D:1      | 320 ||| RETREEEEATING.
   714 | D:1      | 714 ||| UPGRADING to +0 scale mail.
   724 | D:1      | 724 ||| DROPPING +0 leather armour.
   725 | D:1      | 725 ||| UPGRADING to ring of willpower.
   726 | D:1      | 726 ||| READING 2 scrolls labelled WECUUJIRI.
   726 | D:1      | 726 ||| IDENTIFYING viscous white potion
   727 | D:1      | 727 ||| READING scroll of identify.
   727 | D:1      | 727 ||| IDENTIFYING 2 brown potions
   728 | D:1      | 728 ||| READING scroll labelled QESOANL ZIPN.
   729 | D:1      | 729 ||| READING scroll labelled TOPAT XIASE.
   730 | D:1      | 730 ||| DRINKING 2 metallic red potions.
   731 | D:1      | 731 ||| DROPPING scroll of butterflies.
   732 | D:1      | 732 ||| DROPPING 2 potions of ambrosia.
   733 | D:1      | 733 ||| DROPPING potion of degeneration.
   734 | D:1      | HP: 2/16 [poisoned by you (poison gas)]
   735 | D:1      | 735 ||| Stepping ~*~*~tactically~*~*~ (cloud).
   735 | D:1      | Succumbed to their own poison gas

Levels and vault maps discovered:
D:1:      sevenhm_arrival_forest_fort_small_3, layout_basic,
          ebering_ecumenical_altar_rust, serial_shops, shop

Skill      XL: |  1  2 |
---------------+-------+-----
Ranged Weapons | 6 |  6.6
Fighting       | |  1.5
Dodging        | |  2.4
Stealth        | |  1.2

Action                     || total
---------------------------++-------
   Fire: Shortbow          ||    47
    Use: Scroll            ||     4
         Potion            ||     1
 Armour: Leather armour    ||     7
  Dodge: Dodged            ||     6

Table legend:
 A = Non-vault XP
 B = Vault XP
 C = Vault XP percentage of total XP
 D = Non-vault monster count
 E = Vault monster count
 F = Vault count percentage of total count
                 A         B        C        D         E       F
            +---------+---------+-------+---------+---------+-------
      Total |      39 |       0 |   0.0 |      22 |       0 |   0.0
            +---------+---------+-------+---------+---------+-------
        D:1 |      39 |       0 |   0.0 |      22 |       0 |   0.0
            +---------+---------+-------+---------+---------+-------
